 Dungeon Crawl Stone Soup version 0.31.0-12-g77e489cdc1 (webtiles) character file.

Game seed: 122857507779152770

1957 hawla the Firebug (level 8, -4/38 HPs)
             Began as a Deep Elf Fire Elementalist on Feb 13, 2024.
             Was a Follower of Vehumet.
             Slain by a sleepcap (19 damage)
             ... on level 6 of the Dungeon.
             The game lasted 00:15:40 (6647 turns).

hawla the Firebug (Deep Elf Fire Elementalist)      Turns: 6647, Time: 00:15:41

Health: -4/38      AC:  4    Str:  5    XL:     8   Next: 99%
Magic:  1/16       EV:  2    Int: 23    God:    Vehumet [*.....]
Gold:   79         SH:  0    Dex: 15    Spells: 8/15 levels left

rFire   + + .        w - +3 rapier "Bigoifot" {flame, Fly rF++ rCorr}
rCold   . . .        (no shield)
rNeg    . . .        a - +0 robe
rPois   .            t - +0 helmet
rElec   .            (no cloak)
rCorr   +            (no gloves)
SInv    .            j - +0 pair of boots
Will    +....        f - amulet of the acrobat
Stlth   ++           m - ring of wizardry
HPRegen 0.26/turn    p - ring of resist corrosion
MPRegen 0.15/turn

%: acrobat, wizardry (x1)
@: sleeping, flying
A: frail 1, strong-willed 1, MP-powered wands
a: Renounce Religion


You were on level 6 of the Dungeon.
You worshipped Vehumet.
Vehumet was aware of your devotion.
You visited 2 branches of the dungeon, and saw 7 of its levels.

You collected 376 gold pieces.
You spent 297 gold pieces at shops.

Inventory:

Hand Weapons
 w - the +3 rapier "Bigoifot" (weapon) {flame, Fly rF++ rCorr}
   (You bought it in a shop on level 6 of the Dungeon)

   rF++:      It greatly protects you from fire.
   Fly:       It grants you flight.
   rCorr:     It protects you from acid and corrosion.
Armour
 a - a +0 robe (worn)
 j - a +0 pair of boots (worn)
 t - a +0 helmet (worn)
Magical Staves
 d - a staff of death
Jewellery
 f - an amulet of the acrobat (around neck)
 m - a ring of wizardry (left hand)
 p - a ring of resist corrosion (right hand)
 s - an amulet of guardian spirit
 v - a +6 ring of strength
Talismans
 c - a flux talisman
Wands
 g - a wand of iceblast (20)
 r - a wand of mindburst (11)
Scrolls
 e - 2 scrolls of identify
 l - 3 scrolls of amnesia
Potions
 b - 2 potions of magic
 h - a potion of enlightenment
 i - 3 potions of berserk rage
 k - a potion of haste
 n - a potion of curing
 o - a potion of degeneration {unknown}
 q - a potion of cancellation {unknown}
 u - a potion of lignification {unknown}


   Skills:
 - Level 1.0 Fighting
 - Level 6.0 Dodging
 - Level 3.0 Stealth
 - Level 4.0 Spellcasting
 - Level 3.0 Conjurations
 - Level 4.0 Necromancy
 - Level 6.0 Fire Magic
 - Level 6.0 Evocations
 + Level 5.7 Shapeshifting


You had 8 spell levels left.
You knew the following spells:

 Your Spells              Type           Power      Damage    Failure   Level
a - Foxfire               Conj/Fire      100%       2x1d9     1%          1
b - Scorch                Fire           64%        2d7       1%          2
c - Flame Wave            Conj/Fire      25%        2d8       6%          4

Your spell library contained the following spells:

 Spells                   Type           Power      Damage    Failure   Level
 Freeze                   Ice            16%        1d4       4%          1
 Fugue of the Fallen      Necr           23%        N/A       2%          3
 Static Discharge         Conj/Air       22%        3-4/arc   3%          2
 Inner Flame              Hex/Fire       18%        N/A       3%          3
 Volatile Blastmotes      Fire/Tloc      36%        2d13      3%          3
 Apportation              Tloc           8%         N/A       4%          1
 Jinxbite                 Hex            8%         N/A       6%          2
 Ozocubu's Armour         Ice            4%         N/A       12%         3
 Airstrike                Air            2%         2d(1-17)  38%         4
 Manifold Assault         Tloc           4%         N/A       38%         4
 Summon Lightning Spire   Summ/Air       4%         N/A       38%         4
 Alistair's Intoxication  Alch           2%         N/A       71%         5


Dungeon Overview and Level Annotations

Branches:
Dungeon (6/15)             Temple (1/1) D:5

Altars:
Ashenzari
Dithmenos
Elyvilon
Fedhas
Gozag
Hepliaklqana
Kikubaaqudgha
Makhleb
Nemelex Xobeh
Qazlal
Sif Muna
Trog
Uskayaw
Vehumet
Wu Jian
Xom
Yredelemnul
Zin
The Shining One

Shops:
D:6 (


Innate Abilities, Weirdness & Mutations

You are frail. (-10% HP)
You are strong-willed. (Will+)
You expend magic power (3 MP) to strengthen your wands.


Message History

Casting: Scorch (safe; 1% risk of failure)
Confirm with . or Enter, or press ? or * to list all spells.
Flames lash the killer bee.
The killer bee is burned terribly!
You kill the killer bee!
Vehumet accepts your kill.
You feel your power returning.
Unknown command.
Casting: Scorch (safe; 1% risk of failure)
Confirm with . or Enter, or press ? or * to list all spells.
Casting: Flame Wave (quite dangerous; 6% risk of failure)
Press: ? - help, Dir - look around, f - activate A wave of flame ripples out!
The flame wave engulfs the ufetubus!
The ufetubus is burned terribly!
You kill the ufetubus!
Vehumet accepts your kill. (Press . to intensify the flame waves.)
A wave of flame ripples out!
The flame wave engulfs the ufetubus!!
The ufetubus is burned terribly!
You kill the ufetubus!
Vehumet accepts your kill.
The flame wave engulfs the sleepcap.
The sleepcap is lightly damaged.
A wave of flame ripples out!
The flame wave engulfs the sleepcap.
The sleepcap is moderately damaged.
You finish channelling waves of flame.
You hear a horrible gurgling sound!
The sleepcap completely misses you.
Casting: Flame Wave (quite dangerous; 6% risk of failure)
Confirm with . or Enter, or press ? or * to list all spells.
Flames lash the sleepcap.
The sleepcap is heavily damaged.
The sleepcap's fire resistance burns away.
You hear an angry hiss.
An adder comes into view.
The sleepcap releases spores at you.
You are engulfed in a cloud of soporific spores!
You fall asleep.
The sleepcap releases spores at you!!
Ouch! That really hurt!
You die...

.♣. .. ........... ...
P.......S.....(. .♣.
.♣P.♣............ ...
....P..#....... .♣.
......#...... ...
#...<......#...# .♣. #
#..<..)f.#...# ...
##.#.....@†.....# .♣.
................. ...
...#............. .♣.
##.....##..... ...
#).....# .... .♣.
.#..##.....## .... ...
............###.....##.(
.♣.
♣♣....................#.
...
...♣.............###......
.♣.


You could see a sleepcap (combustible) and an adder.

Vanquished Creatures
  Prince Ribbit (D:5)
  An ice beast (D:5)
  A sky beast (D:6)
  A black bear (D:5)
  3 ogres
  A phantom (D:5)
  A bullfrog (D:6)
  5 scorpions
  4 jellies (D:5)
  A killer bee (D:6)
  A gnoll bouda (D:5)
  6 hounds
  A sleepcap (D:5)
  3 iguanas
  2 orc wizards (D:6)
  7 adders
  A white imp (D:6)
  4 ufetubi (D:6)
  A ribbon worm (D:4)
  4 dart slugs
  9 orcs
  9 ball pythons
  3 bats
  12 endoplasms
  4 giant cockroaches
  6 goblins
  5 hobgoblins
  5 jackals
  11 kobolds
  5 quokkas
  4 frilled lizards
  4 rats
  A butterfly (D:5)
127 creatures vanquished.

Vanquished Creatures (others)
  276 foxfires
276 creatures vanquished.

Grand Total: 403 creatures vanquished

Notes
Turn   | Place    | Note
-------+----------+-------------------------------------------
     0 | D:1      | hawla the Deep Elf Fire Elementalist began the quest for
                  | the Orb.
     0 | D:1      | Reached XP level 1. HP: 10/10 MP: 6/6
   127 | D:1      | Reached skill level 1 in Fighting
   195 | D:1      | Reached XP level 2. HP: 15/16 MP: 2/8
   198 | D:1      | Learned a level 2 spell: Scorch
  1058 | D:2      | Reached XP level 3. HP: 20/20 MP: 5/9
  1387 | D:2      | Reached skill level 1 in Necromancy
  1464 | D:2      | Reached XP level 4. HP: 25/25 MP: 3/11
  1957 | D:3      | Gained mutation: You are frail. (-10% HP) [potion of
                  | mutation]
  1957 | D:3      | Gained mutation: You are strong-willed. (Will+) [potion of
                  | mutation]
  1957 | D:3      | Gained mutation: You expend magic power (3 MP) to
                  | strengthen your wands. [potion of mutation]
  2592 | D:3      | Found a faded altar of an unknown god.
  3029 | D:4      | Noticed an ogre
  3037 | D:4      | Killed an ogre
  3038 | D:4      | Reached XP level 5. HP: 26/26 MP: 6/13
  3160 | D:4      | Reached skill level 1 in Evocations
  3172 | D:4      | Learned a level 4 spell: Flame Wave
  3218 | D:4      | Reached XP level 6. HP: 30/30 MP: 9/14
  3554 | D:4      | Found an opulent altar of Gozag.
  4147 | D:5      | Entered Level 5 of the Dungeon
  4147 | D:5      | Found a glowing silver altar of Zin.
  4210 | D:5      | Found a stormy altar of Qazlal.
  4370 | D:5      | Found a staircase to the Ecumenical Temple.
  4384 | Temple   | Entered the Ecumenical Temple
  4391 | Temple   | Became a worshipper of Vehumet
  4401 | D:5      | Noticed Prince Ribbit
  4409 | D:5      | Killed Prince Ribbit
  4410 | D:5      | Reached skill level 5 in Fire Magic
  4410 | D:5      | Reached XP level 7. HP: 34/34 MP: 9/15
  4572 | D:5      | Found a burning altar of Makhleb.
  4590 | D:5      | Found the +7 Kryia's mail coat {PotionHeal*2 rC+}
  4647 | D:5      | Found a shimmering altar of Xom.
  4749 | D:5      | Reached skill level 5 in Dodging
  5135 | D:5      | Found a white marble altar of Elyvilon.
  5169 | D:5      | Reached XP level 8. HP: 33/38 MP: 3/16
  5377 | D:5      | Reached skill level 5 in Evocations
  5380 | D:5      | HP: 1/38 [sleepcap (4)]
  5900 | D:5      | Reached skill level 1 in Shapeshifting
  6116 | D:6      | Reached * piety under Vehumet
  6116 | D:6      | Offered knowledge of Freeze by Vehumet.
  6203 | D:6      | Noticed a brown ugly thing
  6495 | D:6      | Reached skill level 5 in Shapeshifting
  6605 | D:6      | Found Maciut's Antique Weapon Shop.
  6609 | D:6      | Bought a crude rapier for 297 gold pieces
  6609 | D:6      | Identified the +3 rapier "Bigoifot" {flame, Fly rF++ rCorr}
                  | (You bought it in a shop on level 6 of the Dungeon)
  6647 | D:6      | Slain by a sleepcap

Illustrated notes

Levels and vault maps discovered:
D:1:      minmay_arrival_arboretum_small, layout_loops_ring,
          chequers_serial_rivers_micro_e, columned_hall_lemuel
D:2:      layout_loops_ring
D:3:      layout_basic, dreamdust_ecumenical_altar_hidden_monk_grotto,
          hangedman_decor_clover_reticule
D:4:      layout_loops_ring, mainiacjoe_overflow_alcove_4
D:5:      kennysheep_six_static_rooms, layout_layer_cave, xom_butterflies,
          mainiacjoe_overflow_24_doors,
          mainiacjoe_overflow_concentric_impassable, grunt_temple_overflow_open,
          minmay_temple_entry_antechambers, uniq_prince_ribbit1
D:6:      layout_cave_pools, serial_shops, nicolae_shop_pleasant_corner_grove,
          serial_park, serial_park_avenue1, serial_park_tiny_2,
          serial_park_gazebo [serial_park_minivault_5x5_1],
          minmay_manual_monstrance, uniq_crazy_yiuf_cottage, uniq_eustachio
Temple:   nicolae_temple_ecumenical_triangle

Skill      XL: |  1  2  3  4  5  6  7  8 |
---------------+-------------------------+-----
Fighting       | 1 |  1.0
Stealth        | 3 |  3.0
Conjurations   | 2 3 |  3.0
Necromancy     | 1 4 |  4.0
Spellcasting   | 4 |  4.0
Dodging        | 3 4 5 6 |  6.0
Evocations     | 1 3 4 6 |  6.0
Fire Magic     | 5 6 |  6.0
Shapeshifting  | 5 |  5.7

Action                     |  1- 3 |  4- 6 |  7- 9 || total
---------------------------+-------+-------+-------++-------
  Melee: Unarmed           |     1 |       |       ||     1
         Staff             |     2 |     7 |     4 ||    13
         Rapier            |       |       |     8 ||     8
   Cast: Foxfire           |    47 |    55 |    69 ||   171
         Scorch            |     7 |    33 |    37 ||    77
         Flame Wave        |       |       |     5 ||     5
    Use: Scroll            |     2 |     7 |     2 ||    11
         Potion            |       |     1 |     3 ||     4
 Armour: Robe              |     4 |    12 |    43 ||    59
  Dodge: Dodged            |     5 |    10 |    67 ||    82
